 Dungeon Crawl Stone Soup version 0.29.1-4-g47bece8355 (webtiles) character file.

Game seed: 15603888702503226946

6491 safid the Skirmisher (level 10, -10/88 HPs)
             Began as a Minotaur Hunter on Dec 1, 2022.
             Was a High Priest of Okawaru.
             Mangled by a black mamba (16 damage)
             ... on level 1 of the Lair of Beasts.
             The game lasted 00:18:06 (8757 turns).

safid the Skirmisher (Minotaur Hunter)              Turns: 8757, Time: 00:18:07

Health: -10/88     AC:  8    Str: 16    XL:     10   Next: 68%
Magic:  12/15      EV: 13    Int:  6    God:    Okawaru [*****.]
Gold:   448        SH:  0    Dex: 24    Spells: 9/9 levels left

rFire   . . .      SeeInvis .   a - +0 shortbow
rCold   . . .      Faith    .   (shield currently unavailable)
rNeg    . . .      Spirit   .   c - +0 leather armour
rPois   .          Reflect  .   (helmet restricted)
rElec   .          Harm     .   l - +0 cloak
rCorr   .          Rampage  .   (no gloves)
Will    .....                   (no boots)
Stlth   ++........              b - amulet of regeneration
HPRegen 1.04/turn               g - +4 ring of protection
MPRegen 0.14/turn               D - +6 ring of dexterity

@: no status effects
A: horns 2, retaliatory headbutt
a: Renounce Religion, Heroism, Finesse, Duel


You were on level 1 of the Lair of Beasts.
You worshipped Okawaru.
Okawaru was extremely pleased with you.
You visited 2 branches of the dungeon, and saw 10 of its levels.

You collected 448 gold pieces.

Inventory:

Hand Weapons
 a - a +0 shortbow (weapon)
Missiles
 n - 5 throwing nets
Armour
 c - a +0 leather armour (worn)
 l - a +0 cloak (worn)
Jewellery
 b - an amulet of regeneration (around neck)
 e - a ring of resist corrosion
 g - a +4 ring of protection (left hand)
 o - a ring of flight
 D - a +6 ring of dexterity (right hand)
Wands
 u - a wand of flame (18)
 z - a wand of light (8)
 E - a wand of mindburst (3)
Scrolls
 f - a scroll of vulnerability
 h - a scroll of amnesia
 w - 2 scrolls of magic mapping
 A - a scroll of brand weapon {unknown}
 B - a scroll of butterflies {unknown}
 F - a scroll of summoning {unknown}
Potions
 d - 4 potions of flight
 i - a potion of haste {unknown}
 k - 4 potions of curing
 m - 4 potions of lignification
 q - a potion of berserk rage {unknown}
 r - 2 potions of might {unknown}
 t - 2 potions of degeneration {unknown}
 x - 3 potions of brilliance {unknown}
 C - a potion of ambrosia {unknown}


   Skills:
 - Level 8.0 Fighting
 + Level 14.4 Ranged Weapons
 - Level 2.1 Dodging
 - Level 0.7 Stealth
 + Level 8.0 Invocations


You had 9 spell levels left.
You didn't know any spells.
Your spell library contained the following spells:

 Spells                   Type           Power      Damage    Failure   Level
 Necrotise                Necr           0%         1d4       52%         1
 Shock                    Conj/Air       0%         1d3       52%         1
 Blink                    Tloc           0%         N/A       67%         2
 Lesser Beckoning         Tloc           0%         N/A       88%         3
 Swiftness                Air            0%         N/A       88%         3
 Vampiric Draining        Necr           0%         2d6       88%         3
 Airstrike                Air            0%         2d(0-16)  99%         4
 Passage of Golubria      Tloc           0%         N/A       99%         4
 Agony                    Necr           0%         N/A       100%        5
 Manifold Assault         Tloc           0%         N/A       100%        5
 Yara's Violent Unravell  Hex/Tmut       0%         3d3       100%        5
 Tukima's Dance           Hex            Unusable   N/A       N/A         3

Dungeon Overview and Level Annotations

Branches:
Dungeon (9/15)             Temple (0/1) D:5            Lair (1/5) D:9
    Orc: D:9-12

Altars:
Elyvilon
Kikubaaqudgha
Okawaru
The Shining One

Shops:
D:6 *

Annotations:
D:3 1 runed translucent door, Crazy Yiuf


Innate Abilities, Weirdness & Mutations

You have a pair of horns on your head.
You reflexively headbutt those who attack you in melee.


Message History

The yak convulses!
The black mamba convulses!
The blink frog convulses!
The yak convulses!
It was a scroll of torment.
A blink frog comes into view.
The yak gores you.
* * * LOW HITPOINT WARNING * * *
Unknown command.
You feel much better. The black mamba barely misses you.
The blink frog hits you! The yak completely misses you.
Okay, then.
Okay, then.
The air fills with toxic fumes!
As you read the scroll labelled IQEODI CAYC, it crumbles to dust.
It was a scroll of poison.
The blink frog gives a loud, deep croak!
The black mamba closely misses you.
The blink frog hits you but does no damage.
The black mamba bites you. The yak barely misses you. The yak gores you!
* * * LOW HITPOINT WARNING * * *
Unknown command.
As you read the scroll labelled YTUN BYAMM, it crumbles to dust.
A profound silence engulfs you.
It was a scroll of silence.
The blink frog hits you!
* * * LOW HITPOINT WARNING * * *
The black mamba bites you!
* * * LOW HITPOINT WARNING * * *
The blink frog is engulfed in poison gas.
The blink frog is poisoned.
The yak barely misses you. x2
You furiously retaliate!
You headbutt the yak. The black mamba barely misses you.
You furiously retaliate!
You headbutt the black mamba, but do no damage.
The blink frog barely misses you.
Magic scrolls do not work when you're silenced!
Unknown command.
It was a potion of cancellation.
Your magical effects are unravelling.
You feel magically purged.
Your hearing returns.
The blink frog is engulfed in poison gas.
The blink frog looks even sicker.
The black mamba bites you!
You die...

................##
...§§§§§§......##
####§§§§#####.## ##§§§#
### #§§§# #§§§# #§§§##
#§YFP# #§Y@## #§§S# #§§F#
^. #§§§# ##.. #§§§# #....
#§§.# ##..... #§§§#
###...... ## #§§§##
###.......#
##P###....#####.F.......#


You could see a black mamba, 2 yaks and 2 blink frogs.

Vanquished Creatures
  A hydra (D:8)
  2 two-headed ogres
  Grinder (D:3)
  A wraith (D:9)
  A wyvern (D:9)
  A steam dragon (D:9)
  2 acid dragons (D:9)
  3 water moccasins
  4 orc warriors
  2 sky beasts (D:7)
  An ice beast (D:6)
  A black bear (D:8)
  3 wolves (Lair:1)
  An ogre (D:6)
  2 centaurs (D:9)
  3 kobold brigands
  3 phantoms
  6 bullfrogs
  A necrophage (D:6)
  A scorpion (D:5)
  4 wights (D:9)
  5 howler monkeys
  2 gnoll boudas
  3 hounds
  3 jellies
  5 orc priests
  2 iguanas
  Terence (D:3)
  9 orc wizards
  12 gnolls
  6 adders
  3 shadow imps
  2 white imps
  2 ufetubi
  2 worms (D:3)
  2 dart slugs
  20 orcs
  8 ball pythons
  3 endoplasms
  3 giant cockroaches
  7 goblins
  5 hobgoblins
  6 jackals
  24 kobolds
  3 quokkas
  4 bats
  4 frilled lizards
  4 rats (D:1)
194 creatures vanquished.

Vanquished Creatures (others)
  A human (D:7)
  2 fungi (Lair:1)
  2 plants (Lair:1)
5 creatures vanquished.

Grand Total: 199 creatures vanquished

Notes
Turn   | Place    | Note
-------+----------+-------------------------------------------
     0 | D:1      | safid the Minotaur Hunter began the quest for the Orb.
     0 | D:1      | Reached XP level 1. HP: 18/18 MP: 0/0
    80 | D:1      | Reached XP level 2. HP: 14/26 MP: 1/1
   913 | D:2      | Reached skill level 5 in Ranged Weapons
   913 | D:2      | Reached XP level 3. HP: 22/31 MP: 2/2
  1238 | D:2      | Identified the +3 whip of Resumed Hostilities {drain,
                  | Contam rElec rN+}
  1441 | D:3      | Found an iron altar of Okawaru.
  1441 | D:3      | Found a white marble altar of Elyvilon.
  1482 | D:3      | Became a worshipper of Warmaster Okawaru
  1500 | D:3      | Noticed Grinder
  1505 | D:3      | Paralysed by Grinder for 4 turns
  1513 | D:3      | Paralysed by Grinder for 4 turns
  1516 | D:3      | HP: 1/33 [Grinder (5)]
  1762 | D:3      | Paralysed by Grinder for 2 turns
  1796 | D:3      | Paralysed by Grinder for 5 turns
  2001 | D:3      | Paralysed by Grinder for 2 turns
  2006 | D:3      | Paralysed by Grinder for 3 turns
  2020 | D:3      | Killed Grinder
  2020 | D:3      | Reached * piety under Okawaru
  2021 | D:3      | Reached skill level 5 in Fighting
  2021 | D:3      | Reached skill level 6 in Ranged Weapons
  2021 | D:3      | Reached XP level 4. HP: 32/42 MP: 3/3
  2021 | D:3      | Reached XP level 5. HP: 36/48 MP: 4/4
  2166 | D:3      | Noticed Terence
  2174 | D:3      | Killed Terence
  2175 | D:3      | Reached XP level 6. HP: 53/57 MP: 5/5
  2221 | D:3      | Found a glowing golden altar of the Shining One.
  2500 | D:3      | Found a runed translucent door.
  2501 | D:3      | Noticed Crazy Yiuf
  3218 | D:5      | Entered Level 5 of the Dungeon
  3220 | D:5      | Noticed a water moccasin
  3252 | D:4      | Reached skill level 7 in Ranged Weapons
  3466 | D:5      | Reached XP level 7. HP: 49/64 MP: 6/6
  3580 | D:5      | Reached ** piety under Okawaru
  4054 | D:5      | Reached skill level 8 in Ranged Weapons
  4115 | D:5      | Found a staircase to the Ecumenical Temple.
  4385 | D:5      | Reached XP level 8. HP: 66/74 MP: 7/7
  4528 | D:6      | Found Ciruur's Commerce Corner.
  4541 | D:6      | Reached *** piety under Okawaru
  4542 | D:6      | Reached skill level 9 in Ranged Weapons
  4920 | D:6      | Reached skill level 10 in Ranged Weapons
  5580 | D:7      | Reached skill level 11 in Ranged Weapons
  5642 | D:7      | Reached **** piety under Okawaru
  5834 | D:7      | Reached XP level 9. HP: 7/81 MP: 8/8
  6000 | D:7      | Reached skill level 1 in Invocations
  6321 | D:7      | Found an ancient bone altar of Kikubaaqudgha.
  6635 | D:7      | Reached skill level 12 in Ranged Weapons
  6932 | D:8      | Noticed a two-headed ogre
  6942 | D:8      | HP: 1/81 [two-headed ogre/+0 giant club (24)]
  7129 | D:8      | Killed a two-headed ogre
  7130 | D:8      | Reached skill level 5 in Invocations
  7393 | D:8      | Noticed a four-headed hydra
  7417 | D:7      | Reached skill level 13 in Ranged Weapons
  7511 | D:8      | Reached ***** piety under Okawaru
  7530 | D:8      | Killed a four-headed hydra
  7531 | D:8      | Reached XP level 10. HP: 34/88 MP: 7/13
  7625 | D:8      | Identified the +10 dagger "Qacw" {spect, Dex+6}
  7784 | D:9      | Found a staircase to the Lair.
  8083 | D:9      | Identified the +0 buckler of Otemy {Will+ rCorr} (Okawaru
                  | gifted it to you on level 9 of the Dungeon)
  8083 | D:9      | Received a gift from Okawaru
  8199 | D:9      | Noticed a two-headed ogre
  8218 | D:9      | Killed a two-headed ogre
  8219 | D:9      | Reached skill level 14 in Ranged Weapons
  8661 | Lair:1   | Entered Level 1 of the Lair of Beasts
  8713 | Lair:1   | Noticed a black mamba
  8757 | Lair:1   | Mangled by a black mamba

Illustrated notes

Levels and vault maps discovered:
D:1:      eino_arrival_water_cross, layout_loops_ring,
          ebering_ecumenical_altar_webs
D:2:      layout_rooms
D:3:      layout_rooms, gammafunk_temple_overflow_pools, tso_altar,
          minmay_misc_feat_secret_circle, skrybe_limestone_x,
          uniq_crazy_yiuf_cottage, uniq_grinder, uniq_terence
D:4:      layout_basic
D:5:      layout_cave_pools, temple_fountains, kennysheep_generic_room_14
D:6:      layout_loops_cross, nicolae_alphabet_shops
D:7:      layout_loops_corners, tgw_kikubaaqudgha, minivault_27,
          ebering_dispersal_statue_hall
D:8:      layout_cave_pools, minmay_starry_boxes
D:9:      layout_loops_ring, lair_entry_dummy
Lair:1:   layout_hall_layers

Skill      XL: |  1  2  3  4  5  6  7  8  9 10 |
---------------+-------------------------------+-----
Fighting       | 3 5 6 8 |  8.0
Ranged Weapons | 5 6 7 8 11 13 14 | 14.4
Invocations    | 6 8 |  8.0
Dodging        | |  2.1
Stealth        | |  0.7

Action                   |  1- 3 |  4- 6 |  7- 9 | 10-12 || total
-------------------------+-------+-------+-------+-------++-------
 Fire: Shortbow          |   129 |   103 |   504 |   163 ||   899
Invok: Finesse           |       |       |     2 |     3 ||     5
       Heroism           |       |       |     1 |     1 ||     2
  Use: Potion            |     1 |       |       |     2 ||     3
       Scroll            |       |       |     9 |     5 ||    14
Armor: Leather armour    |    20 |    31 |    96 |    39 ||   186
Dodge: Dodged            |    40 |    47 |   173 |    99 ||   359
